Cogmind - Beta 11 X9 @@@ ROGUE MODE // 2021.12.29 @ 19:22:28 // Winter2021/Sauler Player: OccultOnion Result: Destroyed by S-43 Plague with Heavy Machine Gun Performance ------------- Evolutions (8) 4000 Regions Visited (12) 2400 Robots Destroyed (41) 205 Value Destroyed (1380) 1380 Prototype IDs (4) 80 Alien Tech Used (0) 0 Bonus (1321) 1321 TOTAL SCORE: 9386 Bonus ------- Follower Combat Kills 321 Entered DSFs 1000 Cogmind --------- Core Integrity 0/1450 Matter 300/300 Energy 99/100 System Corruption 30% Temperature Cool (0) Movement Core (50) Location -2/Research Parts ------- > --- POWER (2) -------- (None) > --- PROPULSION (6) --- (None) > --- UTILITY (12) ----- Improved Armor Integrity Analyzer > --- WEAPON (3) ------- (None) > --- INVENTORY (5) ---- Advanced Cryofiber Web Improved Shock Absorption System Peak State ------------ > --- POWER ------------ Light Deuterium Engine Light Antimatter Reactor > --- PROPULSION ------- Improved Medium Treads Improved Medium Treads Carbon-fiber Leg Compact Wheel Improved Antigrav System Improved Linear Gravjet > --- UTILITY ---------- Trap Scanner Improved Trap Scanner Advanced Sensor Array Armor Integrity Analyzer EM Shield Hacking Suite Improved Hacking Suite Improved Hacking Suite > --- WEAPON ----------- Arc Projector Variable Charge Gun Hardcell Cannon > --- INVENTORY -------- Improved Medium Treads Improved Medium Treads Myomer Leg Compact Wheel Field Recycling Unit [Rating: 93] Favorites ----------- Power Ion Engine Engine Ion Engine Power Core Light Nuclear Core Reactor Light Antimatter Reactor Propulsion Improved Medium Treads Treads Improved Medium Treads Leg Aluminum Leg Wheel Compact Wheel Hover Unit Improved Hover Unit Utility Small Storage Unit Device Terrain Scanner Storage Small Storage Unit Processor Armor Integrity Analyzer Hackware Improved Hacking Suite Protection Utility Shielding Weapon Gauss Rifle Energy Gun Variable Charge Gun Energy Cannon Heavy Disruptor Cannon Ballistic Gun Gauss Rifle Ballistic Cannon Hardcell Cannon Impact Weapon Flail Slashing Weapon Greatsword Piercing Weapon Enhanced Force Lance Build | -11 -10 -9 -8 -7 -6 -6 -5 -5 -4 -3 -3 -2 ------- Run | Scr Mat Mat Mat Fac Fac Ext Fac DSF Fac Res DSF Res Slots Evolved 16 | . . 2 2 2 2 . 2 . 2 2 . 2 Power 1 | . . . . . . . 1 . . . . . Propulsion 4 | . . 1 . 1 . . . . 2 . . . Utility 10 | . . 1 2 1 1 . 1 . . 2 . 2 Weapon 1 | . . . . . 1 . . . . . . . Parts Attached 99 | 1 . 4 10 8 16 4 6 5 18 . 9 18 Power 8 | . . . 1 . 2 . 1 . 2 . 1 1 Engine 4 | . . . . . 2 . 1 . 1 . . . Core 2 | . . . 1 . . . . . . . 1 . Reactor 2 | . . . . . . . . . 1 . . 1 Propulsion 38 | . . 1 5 3 5 . 2 1 10 . 4 7 Treads 12 | . . . . . 2 . . . 6 . 3 1 Leg 3 | . . . . 1 . . . . 1 . 1 . Wheel 9 | . . 1 1 . 2 . 2 1 1 . . 1 Hover 14 | . . . 4 2 1 . . . 2 . . 5 Flight . | . . . . . . . . . . . . . Utility 30 | 1 . 1 3 2 7 1 2 4 3 . 1 5 Device 14 | . . . 1 2 3 . 1 1 3 . 1 2 Storage 2 | 1 . . . . . . . . . . . 1 Processor 6 | . . . 2 . 2 . 1 . . . . 1 Hackware 5 | . . . . . 1 . . 3 . . . 1 Protection 3 | . . 1 . . 1 1 . . . . . . Artifact . | . . . . . . . . . . . . . Weapon 23 | . . 2 1 3 2 3 1 . 3 . 3 5 Energy Gun 10 | . . 1 . . . 1 1 . 2 . 2 3 Energy Cannon 2 | . . . . 1 . . . . . . 1 . Ballistic Gun 4 | . . 1 1 1 . 1 . . . . . . Ballistic Cannon 3 | . . . . . . 1 . . 1 . . 1 Launcher . | . . . . . . . . . . . . . Special Weapon . | . . . . . . . . . . . . . Impact Weapon 2 | . . . . 1 1 . . . . . . . Slashing Weapon 1 | . . . . . 1 . . . . . . . Piercing Weapon 1 | . . . . . . . . . . . . 1 Special Melee Weapon . | . . . . . . . . . . . . . Unidentified Prototypes 4 | . . 1 . . 1 . . . . . . 2 Parts Lost 92 | . 1 1 7 10 5 9 . 14 17 . 9 19 Power 9 | . . . 1 1 1 . . 2 2 . 1 1 Propulsion 36 | . . 1 5 4 1 3 . 4 7 . 4 7 Utility 27 | . . . . 3 3 3 . 5 5 . 2 6 Weapon 20 | . 1 . 1 2 . 3 . 3 3 . 2 5 Highest Loss Streak 17 | . 1 1 5 8 5 5 . 11 17 . 9 7 Average Slot Usage (%) 75 | . 96 99 90 89 54 81 65 79 89 14 36 24 Engine 4 | . 14 11 5 . 3 6 9 8 4 . . . Core 1 | . . . 3 5 . . . . . . 2 . Treads 4 | . . . . . 1 12 . . 16 . 5 1 Leg 5 | . 28 21 4 6 . . . . 4 . 2 . Wheel 4 | . . 11 8 . 6 5 5 11 4 . . 1 Hover 5 | . . . 5 16 3 6 5 4 2 . . 3 Device 9 | . . . 9 13 14 7 8 15 17 . 3 2 Storage 7 | . 28 22 18 14 . . . . . . . 1 Processor 6 | . . . 9 7 10 12 8 11 5 4 4 7 Hackware 4 | . . . . . 1 6 5 12 14 9 7 2 Protection 3 | . . 11 9 6 . 5 5 . . . . . Energy Gun 6 | . 25 11 9 . . 3 6 5 9 . 3 2 Ballistic Gun 4 | . . 11 9 6 6 6 5 4 . . . . Ballistic Cannon 1 | . . . . . . 4 . . 4 . . . Impact Weapon 1 | . . . . 6 . . . . . . . . Naked Turns . | . . . . . . . . . . . . . Heaviest Build 43 | 19 19 21 23 23 24 32 33 33 43 . 34 30 Greatest Support 170 | 20 20 10 26 22 20 40 26 42 120 3 170 60 Greatest Overweight (x) 14 | . . 2 2 4 2 7 2 1 14 . 4 9 Average Overweight (x) . | . . 1 . . . 2 1 . 1 . . . Largest Inventory Capacity 8 | 8 8 8 8 8 5 5 5 5 5 5 5 5 Average Capacity 6 | 8 8 8 8 7 5 5 5 5 5 5 5 5 Most Carried 8 | 8 8 8 8 8 5 5 5 5 5 4 5 5 Average Carried 5 | 7 7 7 6 7 4 4 4 5 3 4 1 3 Final Capacity 8 | 8 8 8 8 5 5 5 5 5 5 5 5 5 Final Carried 8 | 8 8 8 8 5 5 5 5 5 4 4 5 2 Class Distribution -------------------- 39% | Mutant 13% | Scavenger-Assassin 13% | Hacker-Skirmisher 10% | Scavenger-Mutant 9% | Hacker-Mutant 7% | Scavenger-Gunner Dominant Class ---------------- Mutant | -10/Materials Mutant | -9/Materials Mutant | -8/Materials Scavenger-Assassin | -7/Factory Mutant | -6/Factory Scavenger-Gunner | -6/Extension Scavenger-Gunner | -5/Factory Scavenger-Mutant | -5/DSF Hacker-Skirmisher | -4/Factory Hacker-Skirmisher | -3/Research Hacker-Gunner | -3/DSF Mutant | -2/Research Resources | -11 -10 -9 -8 -7 -6 -6 -5 -5 -4 -3 -3 -2 ----------- Run | Scr Mat Mat Mat Fac Fac Ext Fac DSF Fac Res DSF Res Matter Collected 1281 | 210 . 98 120 54 192 150 48 . 240 . 6 163 Remotely . | . . . . . . . . . . . . . Salvage Created 2120 | 57 187 270 196 73 129 148 185 103 358 . . 414 Parts 122 | 3 8 30 13 4 9 3 7 3 17 . . 25 Haulers Intercepted 1 | . . . . 1 . . . . . . . . Recyclers Shooed 3 | . . . 1 . . 2 . . . . . . Parts Field Recycled . | . . . . . . . . . . . . . Retrieved Matter . | . . . . . . . . . . . . . Parts Self-Destructed . | . . . . . . . . . . . . . Prevented . | . . . . . . . . . . . . . Kills | -11 -10 -9 -8 -7 -6 -6 -5 -5 -4 -3 -3 -2 ------- Run | Scr Mat Mat Mat Fac Fac Ext Fac DSF Fac Res DSF Res Combat Hostiles Destroyed 25 | . 4 9 3 1 1 . . 1 2 . . 4 Melee 4 | . . . . . 1 . . . . . . 3 Guns 18 | . 4 8 3 . . . . 1 1 . . 1 Cannons 1 | . . . . . . . . . 1 . . . AOE 1 | . . 1 . . . . . . . . . . Classes Destroyed 13 | 1 1 3 2 1 2 . 1 1 . . . 1 Worker 2 | . . . . . 2 . . . . . . . Builder 2 | . . . . . 1 . . . 1 . . . Tunneler 1 | . . . . . . . 1 . . . . . Hauler 1 | . . . . 1 . . . . . . . . Recycler 5 | 1 . . . . . 1 1 . 1 . . 1 Operator 2 | . . 1 1 . . . . . . . . . Watcher 3 | . . . 2 . . . . . 1 . . . Swarmer 7 | . . 6 . 1 . . . . . . . . Grunt 5 | . 4 1 . . . . . . . . . . Sentry 5 | . . 2 1 . 1 . . . 1 . . . Specialist 1 | . . . . . . . . 1 . . . . Hunter 3 | . . . 2 . . . . . 1 . . . Programmer 4 | . . . . . . . . . . . . 4 Best Kill Streak 4 | 1 1 4 2 1 2 1 1 1 1 . . 2 Combat Bots Only 3 | . 1 3 1 1 1 . . 1 1 . . 2 Max Kills in Single Turn 1 | 1 1 1 1 1 1 1 1 1 1 . . 1 Gunslinging . | . . . . . . . . . . . . . Exploded 1 | . . 1 . . . . . . . . . . Melee 1 | . . . . . 1 . . . . . . 1 Uniques/NPCs Destroyed . | . . . . . . . . . . . . . Combat | -11 -10 -9 -8 -7 -6 -6 -5 -5 -4 -3 -3 -2 -------- Run | Scr Mat Mat Mat Fac Fac Ext Fac DSF Fac Res DSF Res Damage Taken 12944 | . 187 330 649 1120 531 836 . 1097 2447 . 2430 3317 Core 4282 | . 40 55 208 391 116 95 . 381 691 . 836 1469 Absorbed by Shields 211 | . . . . . . 72 . 139 . . . . Core Remaining (%) 65 | 100 84 86 62 44 . 75 . 61 39 . 35 . Volleys Fired 151 | 2 19 22 26 12 12 11 2 7 22 . . 16 Largest 3 | 2 2 2 2 2 1 3 2 3 3 . . 2 Hottest 280 | 80 80 76 81 91 28 166 109 174 280 . . 163 Shots Fired 275 | 4 31 44 51 13 12 17 4 17 60 . . 22 Gun 254 | 4 31 44 51 12 12 14 4 17 43 . . 22 Cannon 21 | . . . . 1 . 3 . . 17 . . . Launcher . | . . . . . . . . . . . . . Special . | . . . . . . . . . . . . . Kinetic 111 | . . 22 25 12 12 14 2 7 17 . . . Thermal 77 | . . 6 26 . . 3 2 7 22 . . 11 Explosive . | . . . . . . . . . . . . . Electromagnetic 87 | 4 31 16 . 1 . . . 3 21 . . 11 Robot Hit Streak 21 | 1 3 21 4 3 5 13 3 8 6 . . 5 Robot Miss Streak 5 | 2 3 2 5 3 2 1 1 3 4 . . 5 Penetration Max 1 | . . . . . . 1 . . . . . . Secondary Targets 1 | . . 1 . . . . . . . . . . Max Gunslinging Chain 1 | . . 1 . . . . . . . . . . Shots Hit Robots 180 | 2 16 31 24 12 13 18 3 13 29 . . 19 Core Hits 83 | 2 9 13 13 6 6 5 2 3 14 . . 10 Critical Kills 1 | . . . . . . . 1 . . . . . Critical Parts Destroyed 2 | . . 1 . 1 . . . . . . . . Critical Strikes 14 | . 1 1 1 1 1 2 2 2 1 . . 2 Burn 6 | . . . 1 . . 1 1 2 . . . 1 Destroy 2 | . . 1 . . . . 1 . . . . . Blast 1 | . . . . . . . . . 1 . . . Corrupt 1 | . 1 . . . . . . . . . . . Smash 1 | . . . . 1 . . . . . . . . Sever 2 | . . . . . 1 1 . . . . . . Puncture 1 | . . . . . . . . . . . . 1 Melee Attacks 40 | . . . . 16 14 4 . . . . . 6 Impact 20 | . . . . 16 4 . . . . . . . Slashing 14 | . . . . . 10 4 . . . . . . Piercing 6 | . . . . . . . . . . . . 6 Sneak Attacks 1 | . . . . . . . . . . . . 1 Combat Hostiles 1 | . . . . . . . . . . . . 1 Follow-up Attacks . | . . . . . . . . . . . . . Damage Inflicted 4153 | 25 205 429 403 251 432 536 70 290 804 . . 708 Guns 2847 | 25 205 406 403 146 176 308 70 290 507 . . 311 Cannons 333 | . . . . 20 . 18 . . 295 . . . Explosions 62 | . . 23 . 39 . . . . . . . . Melee 894 | . . . . 42 256 210 . . . . . 386 Ramming 17 | . . . . 4 . . . . 2 . . 11 Kinetic 1485 | . . 169 264 146 176 256 46 133 295 . . . Thermal 988 | . . 92 139 . . 70 24 95 330 . . 238 Explosive . | . . . . . . . . . . . . . Electromagnetic 769 | 25 205 168 . 59 . . . 62 177 . . 73 Impact 42 | . . . . 42 . . . . . . . . Slashing 466 | . . . . . 256 210 . . . . . . Piercing 386 | . . . . . . . . . . . . 386 Highest Corruption 30 | . . . . . 13 13 . . 1 . 13 30 Average Corruption 13 | . . . . . 13 13 . . 1 . 6 18 Corruption Purged . | . . . . . . . . . . . . . Effects 28 | . . . . . 2 12 . . . . 1 13 Message Errors 8 | . . . . . . 5 . . . . . 3 Matter Fused 4 | . . . . . 1 1 . . . . 1 1 Heat Flow Errors 4 | . . . . . . 3 . . . . . 1 Energy Discharges 2 | . . . . . . . . . . . . 2 Data Loss (minor) 3 | . . . . . 1 . . . . . . 2 Data Loss (major) 1 | . . . . . . 1 . . . . . . Alerts 2 | . . . . . . 1 . . . . . 1 Misdirections 4 | . . . . . . 1 . . . . . 3 Overload Shots 5 | . . . . . . . . . 5 . . . Overflow Damage 110 | . . . . 37 . 22 . . . . . 51 Projectiles . | . . . . . . . . . . . . . Explosions . | . . . . . . . . . . . . . Melee 110 | . . . . 37 . 22 . . . . . 51 Knockbacks 3 | . . . . . . 1 . . 1 . . 1 Impact 1 | . . . . . . . . . . . . 1 Kinetic 2 | . . . . . . 1 . . 1 . . . Secondary . | . . . . . . . . . . . . . Self-Inflicted Damage 39 | . . 32 . 2 . . . . 1 . . 4 Shots 1 | . . 1 . . . . . . . . . . Rammed 6 | . . . . 1 . . . . 1 . . 4 Targets Rammed 6 | . . . . 1 . . . . 1 . . 4 Kicked . | . . . . . . . . . . . . . Crushed . | . . . . . . . . . . . . . Highest Temperature 443 | 36 192 36 110 15 . 193 . 76 443 . 2 140 Average Temperature 108 | 20 91 12 41 15 . 70 . 46 179 . 2 45 Received Heat Transfer 1492 | . 120 57 36 171 54 168 . 156 298 . 378 54 Effects 8 | . . . . . . . . . 8 . . . Shutdowns 6 | . . . . . . . . . 6 . . . Energy Bleed 2 | . . . . . . . . . 2 . . . Siege Activations . | . . . . . . . . . . . . . Robots Corrupted . | . . . . . . . . . . . . . Combat Hostiles . | . . . . . . . . . . . . . Parts Fried 2 | . 2 . . . . . . . . . . . Impact Corruptions 2 | . . . . 2 . . . . . . . . Robots Melted . | . . . . . . . . . . . . . Combat Hostiles . | . . . . . . . . . . . . . Parts Melted 3 | . . . . . . 1 . 1 . . . 1 Heat Transferred 2039 | . . 148 370 . . 185 111 296 507 . . 422 Parts Sabotaged . | . . . . . . . . . . . . . Parts Stolen . | . . . . . . . . . . . . . Parts Stripped . | . . . . . . . . . . . . . Power Chain Reactions 1 | . . 1 . . . . . . . . . . Missiles Intercepted . | . . . . . . . . . . . . . Alert | -11 -10 -9 -8 -7 -6 -6 -5 -5 -4 -3 -3 -2 ------- Run | Scr Mat Mat Mat Fac Fac Ext Fac DSF Fac Res DSF Res Peak Influence 282 | 5 138 282 73 193 105 110 19 20 167 7 20 130 Initial 70 | . 3 57 20 32 70 49 9 13 . 7 5 . Average 50 | 3 39 124 35 67 88 45 14 12 42 7 4 31 Maximum Alert Level 1 | . . 1 . . . . . . . . . . Low Security (%) 97 | 100 100 68 100 100 100 100 100 100 100 100 100 100 Level 1 2 | . . 31 . . . . . . . . . . Level 2 . | . . . . . . . . . . . . . Level 3 . | . . . . . . . . . . . . . Level 4 . | . . . . . . . . . . . . . Level 5 . | . . . . . . . . . . . . . High Security . | . . . . . . . . . . . . . Max Security . | . . . . . . . . . . . . . Squads Dispatched 17 | . 1 2 1 4 . 1 . 1 3 . 2 2 Investigation 1 | . 1 . . . . . . . . . . . Extermination 3 | . . . . 1 . . . . 1 . . 1 Reinforcement 13 | . . 2 1 3 . 1 . 1 2 . 2 1 Assault . | . . . . . . . . . . . . . Garrison . | . . . . . . . . . . . . . Intercept . | . . . . . . . . . . . . . Construction Impeded 1 | . . . . . . . . . 1 . . . Haulers Reinforced . | . . . . . . . . . . . . . Active Scanning Responses . | . . . . . . . . . . . . . Cargo Convoy Interrupts . | . . . . . . . . . . . . . Stealth | -11 -10 -9 -8 -7 -6 -6 -5 -5 -4 -3 -3 -2 --------- Run | Scr Mat Mat Mat Fac Fac Ext Fac DSF Fac Res DSF Res Distress Signals 8 | . . 1 . 4 . 2 . . 1 . . . Communications Jammed . | . . . . . . . . . . . . . Distress Signals . | . . . . . . . . . . . . . Times Spotted 134 | . 6 13 11 32 1 9 . 5 24 . 7 26 Peak Tracking Total 13 | . 3 3 3 12 1 3 . 3 11 . 7 13 Tactical Retreats 15 | . 2 1 . 5 . 1 . 1 1 . 1 3 Traps | -11 -10 -9 -8 -7 -6 -6 -5 -5 -4 -3 -3 -2 ------- Run | Scr Mat Mat Mat Fac Fac Ext Fac DSF Fac Res DSF Res Traps Triggered 7 | . 1 . . 1 . . . 2 . . 2 1 Indirectly . | . . . . . . . . . . . . . Trap Hack Attempts . | . . . . . . . . . . . . . Triggered . | . . . . . . . . . . . . . Disarmed . | . . . . . . . . . . . . . Reprogrammed . | . . . . . . . . . . . . . Reused 3 | . . . . . . . . . . . 2 1 Traps Extracted . | . . . . . . . . . . . . . Installed 4 | . . . . . . . . . . . 3 1 Triggered 3 | . . . . . . . . . . . 2 1 Machines | -11 -10 -9 -8 -7 -6 -6 -5 -5 -4 -3 -3 -2 ---------- Run | Scr Mat Mat Mat Fac Fac Ext Fac DSF Fac Res DSF Res Machines Disabled 8 | . . 1 1 2 1 . . 1 2 . . . Max in Single Turn 2 | . . 1 1 2 1 . . 1 . . . . Energy Cycler 1 | . . . . . . 1 . . . . . . Machines Sabotaged . | . . . . . . . . . . . . . Garrisons Compromised . | . . . . . . . . . . . . . Overloaded Fab Kills . | . . . . . . . . . . . . . Hacking | -11 -10 -9 -8 -7 -6 -6 -5 -5 -4 -3 -3 -2 --------- Run | Scr Mat Mat Mat Fac Fac Ext Fac DSF Fac Res DSF Res Machines Accessed 21 | . . 3 5 2 3 4 1 . 2 1 . . Terminals 19 | . . 3 5 1 2 4 1 . 2 1 . . Fabricators 1 | . . . . . 1 . . . . . . . Repair Stations . | . . . . . . . . . . . . . Recycling Units . | . . . . . . . . . . . . . Scanalyzers 1 | . . . . 1 . . . . . . . . Garrison Access . | . . . . . . . . . . . . . Total Hacks 41 | . . 8 11 4 6 5 1 . 5 1 . . Successful 20 | . . 3 6 . 1 4 1 . 4 1 . . Failed 21 | . . 5 5 4 5 1 . . 1 . . . Catastrophic 2 | . . . . . 2 . . . . . . . Database Lockouts . | . . . . . . . . . . . . . Manual 20 | . . 5 8 2 2 1 . . 2 . . . Terminals 37 | . . 8 11 2 4 5 1 . 5 1 . . Fabricators 2 | . . . . . 2 . . . . . . . Repair Stations . | . . . . . . . . . . . . . Recycling Units . | . . . . . . . . . . . . . Scanalyzers 2 | . . . . 2 . . . . . . . . Garrison Access . | . . . . . . . . . . . . . Terminal Hacks 18 | . . 3 4 . 1 4 1 . 4 1 . . Robot Analysis 1 | . . . . . . . . . 1 . . . Open Door 4 | . . . . . 1 3 . . . . . . Open DSF 3 | . . . . . . . 1 . 1 1 . . Terminal Index 3 | . . . 1 . . 1 . . 1 . . . Alert Level 2 | . . 1 1 . . . . . . . . . Unreport Threat 4 | . . 2 1 . . . . . 1 . . . Zone Layout 1 | . . . 1 . . . . . . . . . Fabricator Hacks . | . . . . . . . . . . . . . Repair Station Hacks . | . . . . . . . . . . . . . Recycling Unit Hacks . | . . . . . . . . . . . . . Scanalyzer . | . . . . . . . . . . . . . Garrison Access Hacks . | . . . . . . . . . . . . . Unauthorized Hacks 2 | . . . 2 . . . . . . . . . Terminals 2 | . . . 2 . . . . . . . . . Track 1 | . . . 1 . . . . . . . . . Assimilate 1 | . . . 1 . . . . . . . . . Fabricators . | . . . . . . . . . . . . . Repair Stations . | . . . . . . . . . . . . . Recycling Units . | . . . . . . . . . . . . . Scanalyzers . | . . . . . . . . . . . . . Garrison Access . | . . . . . . . . . . . . . Data Cores Recovered 1 | . . . 1 . . . . . . . . . Used . | . . . . . . . . . . . . . Hacking Detections 17 | . . 3 5 2 3 2 . . 1 1 . . Full Trace Events . | . . . . . . . . . . . . . Feedback Events . | . . . . . . . . . . . . . Feedback Blocked . | . . . . . . . . . . . . . Robot Schematics Acquired . | . . . . . . . . . . . . . Robots Built . | . . . . . . . . . . . . . Authchips . | . . . . . . . . . . . . . Time . | . . . . . . . . . . . . . Total Robot Build Rating . | . . . . . . . . . . . . . Part Schematics Acquired . | . . . . . . . . . . . . . Parts Built . | . . . . . . . . . . . . . Authchips . | . . . . . . . . . . . . . Time . | . . . . . . . . . . . . . Total Part Build Rating . | . . . . . . . . . . . . . Parts Repaired . | . . . . . . . . . . . . . Time . | . . . . . . . . . . . . . Parts Recycled . | . . . . . . . . . . . . . Recycled Matter . | . . . . . . . . . . . . . Retrieved Matter . | . . . . . . . . . . . . . Retrieved Components . | . . . . . . . . . . . . . Parts Scanalyzed . | . . . . . . . . . . . . . Part Schematics Acquired . | . . . . . . . . . . . . . Parts Damaged . | . . . . . . . . . . . . . Bothacking | -11 -10 -9 -8 -7 -6 -6 -5 -5 -4 -3 -3 -2 ------------ Run | Scr Mat Mat Mat Fac Fac Ext Fac DSF Fac Res DSF Res Used RIF Installer . | . . . . . . . . . . . . . Robots Hacked . | . . . . . . . . . . . . . Non-combat . | . . . . . . . . . . . . . Combat . | . . . . . . . . . . . . . Robot Hacks Applied . | . . . . . . . . . . . . . Relay Couplers Released . | . . . . . . . . . . . . . Fabnet Peak Effective % . | . . . . . . . . . . . . . Robots Rewired 5 | . . . . . . 4 . . 1 . . . Allies Hacked . | . . . . . . . . . . . . . Hacks Repelled . | . . . . . . . . . . . . . Allies | -11 -10 -9 -8 -7 -6 -6 -5 -5 -4 -3 -3 -2 -------- Run | Scr Mat Mat Mat Fac Fac Ext Fac DSF Fac Res DSF Res Total Allies 11 | . . . 1 . . 9 . . 1 . . . Largest Group 7 | . . . 1 . . 7 . . 1 . . . Highest-Rated Group 328 | . . . 10 . . 328 . . 56 . . . Highest-Rated Ally 159 | . . . 10 . . 159 . . 56 . . . Total Orders . | . . . . . . . . . . . . . Ally Attacks 70 | . . . . . . 53 . . 17 . . . Total Damage 1579 | . . . . . . 1154 . . 425 . . . Kills 7 | . . . . . . 4 . . 3 . . . Allies Corrupted 1 | . . . . . . . . . 1 . . . Allies Melted 1 | . . . . . . 1 . . . . . . Intel | -11 -10 -9 -8 -7 -6 -6 -5 -5 -4 -3 -3 -2 ------- Run | Scr Mat Mat Mat Fac Fac Ext Fac DSF Fac Res DSF Res Robot Analysis Total 1 | . . . . . . . . . 1 . . . Derelict Logs Recovered . | . . . . . . . . . . . . . Drone Launches . | . . . . . . . . . . . . . Drone Recoveries . | . . . . . . . . . . . . . Exploration | -11 -10 -9 -8 -7 -6 -6 -5 -5 -4 -3 -3 -2 ------------- Run | Scr Mat Mat Mat Fac Fac Ext Fac DSF Fac Res DSF Res Turns Passed 3786 | 34 192 275 390 623 306 320 126 140 768 10 175 427 Spaces Moved 2677 | 21 109 196 267 478 232 208 89 114 498 19 88 358 Core 504 | . . . . 14 90 2 . 11 96 19 27 245 Treads 99 | . . . . . 2 3 . . 33 . 61 . Legs 152 | 21 109 . . 14 . . . . 8 . . . Wheels 1324 | . . 196 193 . 140 199 65 103 361 . . 67 Hover 598 | . . . 74 450 . 4 24 . . . . 46 Flight . | . . . . . . . . . . . . . Fastest Speed 44 | 120 120 95 90 62 80 95 105 50 50 50 50 44 Average Speed 108 | 120 120 98 109 107 92 123 123 91 131 50 166 69 Slowest Speed 750 | 120 120 110 180 250 160 400 170 105 750 50 250 500 Overloaded Moves . | . . . . . . . . . . . . . Propulsion Burnouts . | . . . . . . . . . . . . . Robots Hopped . | . . . . . . . . . . . . . Cave-ins Triggered 1 | . . . . . 1 . . . . . . . Exploration Rate (%) 25 | 2 25 22 29 22 6 40 3 76 12 1 75 12 Regions Visited 12 Branch Regions 1 Pre-discovered Areas . | . . . . . . . . . . . . . Known Exits Taken 2 | . . . . . . . 1 . . 1 . . Unknown Exits Taken 8 | 1 1 1 1 1 1 1 . . 1 . . . Scrap Searched . | . . . . . . . . . . . . . Spaces Dug 18 | . . . . 10 8 . . . . . . . Terrain Destroyed 27 | . . 1 . 10 8 1 . . 7 . . . Melee 18 | . . . . 10 8 . . . . . . . Projectile 8 | . . . . . . 1 . . 7 . . . AOE 1 | . . 1 . . . . . . . . . . Terrain Rammed . | . . . . . . . . . . . . . Walls Destroyed . | . . . . . . . . . . . . . Machines Disabled . | . . . . . . . . . . . . . Actions | -11 -10 -9 -8 -7 -6 -6 -5 -5 -4 -3 -3 -2 --------- Run | Scr Mat Mat Mat Fac Fac Ext Fac DSF Fac Res DSF Res Total 3227 | 26 141 235 314 550 282 249 102 132 565 18 117 496 Wait 107 | . 6 4 . 12 1 . . . 6 . 1 77 Move 2665 | 20 108 195 266 477 231 207 88 113 497 18 87 358 Hop . | . . . . . . . . . . . . . Pick Up 78 | 3 4 6 11 5 6 3 4 . 16 . 9 11 Fast Attach 33 | . . 1 . 1 10 2 4 5 1 . 2 7 Attach 62 | 1 . 3 9 5 6 2 2 . 16 . 7 11 Detach 5 | . . . . 2 1 . . . 1 . 1 . Swap 4 | . . . 1 2 . . . . 1 . . . Drop 25 | . 4 4 1 4 1 1 2 . 3 . 3 2 Fire 151 | 2 19 22 26 12 12 11 2 7 22 . . 16 Melee 40 | . . . . 16 14 4 . . . . . 6 Ram 6 | . . . . 1 . . . . 1 . . 4 Kick . | . . . . . . . . . . . . . Crush . | . . . . . . . . . . . . . Escape Stasis 24 | . . . . 13 . . . 7 . . 4 . Rewire 23 | . . . . . . 19 . . 1 . . 3 Trap 4 | . . . . . . . . . . . 3 1 Miscellaneous . | . . . . . . . . . . . . . Route ------- -11/Scrapyard -10/Materials -9/Materials (discovered 2 exits: *Mat / [*Sto]) -8/Materials -7/Factory -6/Factory -6/Extension -5/Factory -5/DSF -4/Factory -3/Research -3/DSF -2/Research History --------- Turn | Location | Event 1 | -11/Scrapyard | Discovered new exit (range 3) 35 | -11/Scrapyard | Entered Materials 220 | -10/Materials | Discovered new exit (range 4) 227 | -10/Materials | Entered another Materials area 227 | -9/Materials | Evolved 2 slots: Propulsion x1, Utility x1 238 | -9/Materials | Discovered new exit (range 3) 307 | -9/Materials | Build established: Mutant 463 | -9/Materials | Discovered new exit (range 15) 502 | -9/Materials | Entered another Materials area 502 | -8/Materials | Evolved 2 slots: Utility x2 779 | -8/Materials | Lost 5 parts (1p3n1w) 874 | -8/Materials | Discovered new exit (range 16) 892 | -8/Materials | Entered Factory 892 | -7/Factory | Evolved 2 slots: Propulsion x1, Utility x1 1190 | -7/Factory | Build established: Scavenger-Assassin 1502 | -7/Factory | Discovered new exit (range 13) 1515 | -7/Factory | Core integrity fell below 50% 1515 | -7/Factory | Entered another Factory area 1515 | -6/Factory | Evolved 2 slots: Utility x1, Weapon x1 1537 | -6/Factory | Lost 8 parts (4n2u2w) 1755 | -6/Factory | Crushed by falling debris 1755 | -6/Factory | System corruption reached 10% 1804 | -6/Factory | Lost 5 parts (1p1n3u) 1813 | -6/Factory | Discovered new exit (range 9) 1821 | -6/Factory | Entered Extension 1881 | -6/Extension | Energy Cycler disabled 1881 | -6/Extension | Rescued a captive Derelict 1882 | -6/Extension | Rescued a captive Derelict 1882 | -6/Extension | Rescued a captive Derelict 1882 | -6/Extension | Rescued a captive Derelict 1882 | -6/Extension | Rescued a captive Derelict 1882 | -6/Extension | Rescued a captive Derelict 1883 | -6/Extension | Rescued a captive Derelict 1884 | -6/Extension | Rescued a captive Derelict 1885 | -6/Extension | Rescued a captive Derelict 1885 | -6/Extension | Rescued a captive Derelict 1885 | -6/Extension | Rescued a captive Derelict 1889 | -6/Extension | Rescued a captive Derelict 1891 | -6/Extension | Rescued a captive Derelict 1891 | -6/Extension | Rescued a captive Derelict 1912 | -6/Extension | Lost 4 parts (2u2w) 1964 | -6/Extension | Rescued A7 2103 | -6/Extension | Spotted B-75 Beast 2107 | -6/Extension | Spotted B-75 Beast 2114 | -6/Extension | Discovered new exit (range 15) 2141 | -6/Extension | Entered Factory 2141 | -5/Factory | Evolved 2 slots: Power x1, Utility x1 2158 | -5/Factory | Lost 5 parts (3n1u1w) 2267 | -5/Factory | Identified exit to DSF 2267 | -5/Factory | Entered DSF 2306 | -5/DSF | Lost 3 parts (2u1w) 2373 | -5/DSF | Additional patrols routed to DSF 2381 | -5/DSF | Discovered new exit (range 17) 2407 | -5/DSF | Entered Factory 2407 | -4/Factory | Evolved 2 slots: Propulsion x2 2435 | -4/Factory | Lost 11 parts (2p4n3u2w) 2724 | -4/Factory | Build established: Hacker-Skirmisher 3153 | -4/Factory | Core integrity fell below 50% 3164 | -4/Factory | Lost 17 parts (2p7n5u3w) 3173 | -4/Factory | Discovered new exit (range 4) 3175 | -4/Factory | Entered Research 3175 | -3/Research | Evolved 2 slots: Utility x2 3184 | -3/Research | Identified exit to DSF 3185 | -3/Research | Entered DSF 3232 | -3/DSF | Additional patrols routed to DSF 3285 | -3/DSF | Found Enh. Force Lance 3345 | -3/DSF | System corruption reached 10% 3354 | -3/DSF | Discovered new exit (range 11) 3356 | -3/DSF | Core integrity fell below 50% 3360 | -3/DSF | Entered Research 3360 | -2/Research | Evolved 2 slots: Utility x2 3382 | -2/Research | Lost 9 parts (1p4n2u2w) 3543 | -2/Research | System corruption reached 10% 3594 | -2/Research | Lost 6 parts (2n2u2w) 3659 | -2/Research | Core integrity fell below 50% 3713 | -2/Research | Lost 7 parts (1p2n1u3w) 3764 | -2/Research | Core integrity fell below 20% 3783 | -2/Research | System corruption reached 30% 3787 | -2/Research | Destroyed by S-43 Plague with Heavy Machine Gun Last Messages --------------- 03691_ U-05 Engineer destroyed. 03705_ System corrupted: IFF burst signal emitted. 03722_ Slug penetrates Wall. 03729_ Slug penetrates Door. 03729_ Imp. Antigrav System destroyed. 03752_ O-32 Director: "IFF HANDSHAKE FAILED. SECURING TERMINAL." 03756_ K-01 Serf cleans the Field Manipulator. 03757_ System corrupted: Energy discharge (-64). 03759_ Armor Integrity Analyzer destroyed. 03759_ Sml. Battery destroyed. 03760_ ALERT: Hostiles spotted, dispatching reinforcements to Terminal R006. 03762_ Imp. Antigrav System destroyed. 03774_ Slammed into S-43 Plague. 03775_ Triggered EM Surge Trap. 03775_ The floor emits a surge of raw power. 03775_ System corrupted (+5). 03776_ ALERT: Security rotation in progress. 03783_ S-43 Plague destroyed. 03784_ 7DQQML|JDUQ> DXUV2I6YM=1SEBJ Map ----- +----------------------------------------------------+ | ?????????????????????????????????????????????????? | | ?????????????????????????????????????????????????? | | ?????????????????????????????????????????????????? | | ?????????????????????????????????????????????????? | | ?????????????????????????????????????????????????? | | ?????????????????????????????????????????????????? | | ######???????????????????????????????????????????? | | #???????????????????????????????????????????? | | #???????????????????????????????????????????? | | #????????????###????????????????????????????? | | "" #???????????? ????????????????????????????? | | S"" #???????????? ?????#??????????????????????? | | "" #???????# ???" "??? #??????????????????????? | | #???????# ??"" """ #??????????????????????? | | #???????# """ """ #??????????????????????? | | /########????# """ """ #??????????????????????? | | % #????# """ """ #??????????????????????? | | #????# #??????????????????????? | | #????# #??????????????????????? | | #????? #??????????????????????? | | #### #??????? ] ????????????????????????? | | ???# #????????? ??????????????????????????? | | ???# ############+############### ?????????? | | #### =%[ p s k / ??????????? | | # s =w k s ###?????????????????? | | # k @ #???????????????????? | | # A k #???????????????????? | | # ##################+###???????????????????? | | # #????????????????????????????????????????? | | # #????????????????????????????????????????? | | # #????????????????????????????????????????? | | # #????????????????????????????????????????? | | # #????????????????????????????????????????? | | # +????????????????????????????????????????? | | # #????????????????????????????????????????? | | # ?????????????????????????????????????????? | | #### #????????????????????????????????????????? | | #????????????????????????????????????????? | | #????????????????????????????????????????? | | #????????????????????????????????????????? | | #????????????????????????????????????????? | | ###+####????????????????????????????????????????? | | #???????????????????????????????????????????????? | | #???????????????????????????????????????????????? | | #???????????????????????????????????????????????? | | #???????????????????????????????????????????????? | | #???????????????????????????????????????????????? | | #???????????????????????????????????????????????? | | ##???????????????????????????????????????????????? | | ?????????????????????????????????????????????????? | +----------------------------------------------------+ Best States ------------- Heat Dissipation 85 Energy Generation 30 Energy Capacity 315 Matter Stores 300 Matter Capacity 300 Sight Range 18 Robot Scan Range 16 Terrain Scan Range 14 Terrain Scan Density 110 Armor Coverage 150 Resistance: EM 25 Utility Shielding 33 Evasion (%) 55 Melee Accuracy 5 Armor Integrity Analysis 40 Recoil Reduction 5 Offensive Hacking 34 Item Schematics ----------------- None Robot Schematics ------------------ None Fabricated ------------ Nothing Alien Tech Used ----------------- None Achievements -------------- None Challenges ------------ None Game ------ Seed EfficiencyWeldingBooster Manual? 0 Play Time 01:04:22 Cumulative 105.4 hours Start 2021.12.29 @ 18:20:11 End 2021.12.29 @ 19:22:28 Sessions 1 Manual Loads 0 Difficulty Rogue Special Mode Winter2021/Sauler Game No. 210 Rogue 210 Adventurer 0 Explorer 0 Win Type - Total 0 Types 0/0/0/0/0/0/0/0/0 Lore% 33 Gallery% 56 Achievement% 35 Wizard Run 0 Options --------- ASCII 0 Keyboard 1 Movement Vi Keybinds 0 Fullscreen 1 Font 20/SmallcapsGlow Map View 82x60 Tactical HUD 1 Map Filters NONE Filters NONE Steam 1 RUN: 15cfc5f5-4b99-49a8-812e-1f2c7dca2baa